 Dungeon Crawl Stone Soup version 0.29.1-2-gbd0b4ee654 (webtiles) character file.

Game seed: 16038679787396371310

249 tevo3000 the Nimble (level 5, -3/26 HPs)
             Began as a Felid Monk on Nov 28, 2022.
             Slain by an iguana (15 damage)
             ... on level 4 of the Dungeon.
             The game lasted 00:09:19 (3915 turns).

tevo3000 the Nimble (Felid Monk)                    Turns: 3915, Time: 00:09:19

Health: -3/26      AC:  1    Str:  5      XL:     5   Next: 86%
Magic:  6/6        EV: 23    Int: 10 (11) God:
Gold:   220        SH:  0    Dex: 20 (21) Spells: 4/4 levels left
                                        Lives:  0   Deaths: 1

rFire   . . .      SeeInvis +     - Unarmed
rCold   . . .      Faith    .   (shield unavailable)
rNeg    . . .      Spirit   .   (body armour unavailable)
rPois   .          Reflect  .   (helmet unavailable)
rElec   .          Harm     .   (cloak unavailable)
rCorr   .          Rampage  .   (gloves unavailable)
Will    .....                   (boots unavailable)
Stlth   ++........              (no amulet)
HPRegen 0.08/turn               (no ring)
MPRegen 0.10/turn               (no ring)

@: quick
A: very small, claws 1, fangs 3, see invisible, speed 1, shaggy fur 1, stealthy
paws, no weapons or thrown items, no armour, multi-lived, deterioration 1,
robust 1, screaming 1, weak 1
a: no special abilities


You were on level 4 of the Dungeon.
You visited 1 branch of the dungeon, and saw 4 of its levels.

You collected 220 gold pieces.

Inventory:

Armour
 h - a +1 hat of stealth
Jewellery
 b - a +6 ring of intelligence
 e - a +6 ring of dexterity
 k - an amulet of faith
 l - an amulet of magic regeneration
Wands
 n - a wand of charming (6)
Scrolls
 c - a scroll of amnesia {unknown}
 d - 2 scrolls of identify {unknown}
 f - a scroll of poison {unknown}
 i - a scroll of fear {unknown}
 j - a scroll of noise {unknown}
 m - 3 scrolls of teleportation {unknown}
 o - a scroll of immolation {unknown}
Potions
 a - a potion of curing
 g - 2 potions of heal wounds {unknown}


   Skills:
 - Level 3.0 Fighting
 * Level 8.1 Dodging
 - Level 2.6 Stealth
 + Level 4.7 Unarmed Combat


You had 4 spell levels left.
You didn't know any spells.
Your spell library was empty.

Dungeon Overview and Level Annotations

Branches:
Dungeon (4/15)
 Temple: D:4-7

Altars:
Uskayaw

Shops:
D:2 (


Innate Abilities, Weirdness & Mutations

You have sharp claws.
You have razor-sharp teeth.
You have supernaturally acute eyesight. (SInv)
You cover ground quickly. (Speed+)
You are covered in fur. (AC +1)
Your paws help you pounce on unaware monsters.
You are incapable of wielding weapons or throwing items.
You cannot wear armour.
You gain extra lives every three experience levels.
Your body sometimes deteriorates upon taking damage.
You are robust. (+10% HP)
You occasionally shout uncontrollably at your foes.
You are weak. (Str -2)


Message History

You barely miss the hound.
The hound is severely wounded.
The hound barely misses you.
You closely miss the hound.
The hound is severely wounded.
The hound barely misses you. The hound completely misses you.
You scratch the hound but do no damage. You claw the hound, but do no damage.
The hound is severely wounded.
The hound bites you.
You closely miss the hound. You bite the hound.
The hound is almost dead.
The hound completely misses you.
You scratch the hound.
You kill the hound!
An iguana comes into view.
Your Dodging skill increases to level 8!
The iguana hisses angrily.
You scratch the iguana.
The iguana is moderately wounded.
The iguana closely misses you.
You scratch the iguana. Your bite misses the iguana.
The iguana is severely wounded.
You scratch the orc but do no damage. You bite the orc, but do no damage.
The iguana barely misses you. The orc completely misses you.
You scratch the orc.
The orc is moderately wounded.
The iguana misses you. The orc hits you with a +0 club.
Your body deteriorates!
You feel clumsy. The iguana bites you.
The orc throws a boomerang.
The boomerang closely misses you.
The orc throws a boomerang.
The boomerang misses you.
The orc throws a boomerang.
The boomerang completely misses you.
Items here: ( ) ††.
Items here: ( ) ††.
Items here: ( ) ††.
You scratch the iguana.
The iguana is severely wounded.
The iguana bites you!
Ouch! That really hurt!
You die...

#.# ##..#........
#.# #..###.......
#.# #..####......
###.###....#######.
#...#...##.# .
#............ .
#...######.... .
##.## ####
#@########
#l#......##
#.l.......## #.
#..........#...
#..........#.# #
#..o.........#..
#...........#..#
#..............
#..........###


You could see 2 iguanas and an orc.

Vanquished Creatures
  A hound (D:4)
  3 jellies
  Jessica (D:2)
  Natasha (D:2)
  An orc wizard (D:3)
  Robin (D:3)
  3 adders
  A worm (D:2)
  2 dart slugs (D:1)
  3 orcs (D:3)
  22 endoplasms
  6 giant cockroaches
  9 goblins (D:3)
  9 hobgoblins
  3 jackals (D:4)
  2 quokkas
  6 ball pythons
  5 bats
  6 frilled lizards
  11 kobolds
  3 rats (D:1)
99 creatures vanquished.

Vanquished Creatures (others)
  9 toadstools (D:2)
9 creatures vanquished.

Grand Total: 108 creatures vanquished

Notes
Turn   | Place    | Note
-------+----------+-------------------------------------------
     0 | D:1      | tevo3000 the Felid Monk began the quest for the Orb.
     0 | D:1      | Reached XP level 1. HP: 10/10 MP: 2/2
   124 | D:1      | Reached XP level 2. HP: 13/14 MP: 3/3
   780 | D:1      | Reached skill level 5 in Dodging
  1130 | D:2      | Reached XP level 3. HP: 13/17 MP: 4/4
  1429 | D:2      | Noticed a shining eye
  1433 | D:2      | Found a faded altar of an unknown god.
  1435 | D:2      | Noticed a floating eye
  1435 | D:2      | Noticed a shining eye
  1435 | D:2      | Noticed a shining eye
  1506 | D:2      | Found Quuxe's Weapon Shoppe.
  1527 | D:2      | Noticed Jessica
  1531 | D:2      | Killed Jessica
  1540 | D:2      | Reached XP level 4. HP: 21/21 MP: 5/5
  1703 | D:2      | Reached skill level 6 in Dodging
  1861 | D:2      | Reached XP level 5. HP: 16/24 MP: 6/6
  2195 | D:3      | Noticed Natasha
  2197 | D:3      | Noticed Robin
  2213 | D:2      | Killed Natasha
  2214 | D:2      | Reached skill level 7 in Dodging
  2240 | D:3      | HP: 1/24 [goblin/+0 club[Robin] (4)]
  2242 | D:3      | Gained mutation: You occasionally lose the ability to read
                  | scrolls when taking damage. [potion of mutation]
  2243 | D:3      | Slain by a goblin
  2244 | D:3      | Reached XP level 4. HP: -1/21 MP: 5/5
  2286 | D:3      | Lost mutation: You occasionally lose the ability to read
                  | scrolls when taking damage. [potion of mutation]
  2286 | D:3      | Gained mutation: You occasionally shout uncontrollably at
                  | your foes. [potion of mutation]
  2286 | D:3      | Gained mutation: You are strong-willed. (Will+) [potion of
                  | mutation]
  2286 | D:3      | Gained mutation: Your spells are a little harder to cast,
                  | but a little more powerful. [potion of mutation]
  2286 | D:3      | Gained mutation: You are agile. (Dex +4, Str/Int -1)
                  | [potion of mutation]
  2287 | D:3      | Lost mutation: You are agile. (Dex +4, Str/Int -1) [potion
                  | of mutation]
  2287 | D:3      | Lost mutation: You are strong-willed. (Will+) [potion of
                  | mutation]
  2287 | D:3      | Lost mutation: Your spells are a little harder to cast, but
                  | a little more powerful. [potion of mutation]
  2287 | D:3      | Gained mutation: You are robust. (+10% HP) [potion of
                  | mutation]
  2287 | D:3      | Gained mutation: Your body sometimes deteriorates upon
                  | taking damage. [potion of mutation]
  2287 | D:3      | Gained mutation: You are weak. (Str -2) [potion of
                  | mutation]
  2454 | D:3      | Killed Robin
  2932 | D:3      | Found a hide-covered altar of Uskayaw.
  3029 | D:3      | Reached XP level 5. HP: 22/26 MP: 6/6
  3893 | D:4      | Reached skill level 8 in Dodging
  3915 | D:4      | Slain by an iguana

Illustrated notes

Levels and vault maps discovered:
D:1:      scummos_arrival_forest, layout_rooms, fountainhead
D:2:      cheibrodos_fertilizer, layout_loops_ring,
          hellmonk_ecumenical_altar_watching_god, serial_shops,
          nicolae_shop_stone, minivault_23, uniq_jessica
D:3:      layout_loops_ring, nicolae_uskayaw_murder_on_the_dancefloor,
          uniq_robin, uniq_natasha
D:4:      layout_rooms

Skill      XL: |  1  2  3  4  5 |
---------------+----------------+-----
Dodging        | 5 6 8 |  8.1
Unarmed Combat | 4 |  4.7
Fighting       | |  3.0
Stealth        | |  2.6

Action                   |  1- 3 |  4- 6 || total
-------------------------+-------+-------++-------
Melee: Unarmed           |    87 |   201 ||   288
       Bite              |     6 |    22 ||    28
       Punch             |     2 |     6 ||     8
  Use: Potion            |     2 |     8 ||    10
 Stab: Sleeping          |     6 |     8 ||    14
Armor: Skin              |     3 |     9 ||    12
Dodge: Dodged            |    99 |   202 ||   301
